 Dungeon Crawl Stone Soup version 0.29.1-15-g9cfb28693d (webtiles) character file.

Game seed: 1044783570694587305

298 Descartes the Ducker (level 6, -5/28 HPs)
             Began as a Felid Monk on Apr 6, 2023.
             Slain by a goblin
             ... wielding a +0 trident
             ... led by Robin
              (11 damage)
             ... on level 4 of the Dungeon.
             The game lasted 00:04:28 (4152 turns).

Descartes the Ducker (Felid Monk)                   Turns: 4152, Time: 00:04:29

Health: -5/28      AC:  2    Str:  9    XL:     6   Next: 13%
Magic:  7/7        EV: 21    Int: 11    God:
Gold:   196        SH:  0    Dex: 19    Spells: 5/5 levels left
                                        Lives:  0   Deaths: 1

rFire   . . .      SeeInvis +     - Unarmed
rCold   . . .      Faith    .   (shield unavailable)
rNeg    . . .      Spirit   .   (body armour unavailable)
rPois   .          Reflect  .   (helmet unavailable)
rElec   .          Harm     .   (cloak unavailable)
rCorr   .          Rampage  .   (gloves unavailable)
Will    .....                   (boots unavailable)
Stlth   +++.......              (no amulet)
HPRegen 0.09/turn               (no ring)
MPRegen 0.10/turn               (no ring)

@: quick
A: very small, claws 1, fangs 3, see invisible, speed 1, shaggy fur 2, stealthy
paws, no weapons or thrown items, no armour, multi-lived
a: no special abilities


You were on level 4 of the Dungeon.
You visited 1 branch of the dungeon, and saw 4 of its levels.

You collected 196 gold pieces.

Inventory:

Jewellery
 p - a +4 ring of protection
Wands
 r - a wand of roots (10)
Scrolls
 d - 3 scrolls of magic mapping {unknown}
 e - 2 scrolls of vulnerability {unknown}
 h - a scroll of immolation
 i - 2 scrolls of fear {unknown}
 k - a scroll of poison {unknown}
 l - 2 scrolls of identify {unknown}
 m - a scroll of blinking {unknown}
Potions
 a - 2 potions of ambrosia
 b - 2 potions of lignification {unknown}
 c - a potion of brilliance {unknown}
 f - a potion of haste {unknown}
 g - 2 potions of cancellation {unknown}
 j - 2 potions of might {unknown}
 n - 4 potions of curing {unknown}
 o - 2 potions of flight {unknown}
 q - a potion of berserk rage {unknown}


   Skills:
 - Level 3.0 Fighting
 + Level 6.6 Dodging
 - Level 5.0 Stealth
 + Level 5.0 Unarmed Combat


You had 5 spell levels left.
You didn't know any spells.
Your spell library contained the following spells:

 Spells                   Type           Power      Damage    Failure   Level
 Ensorcelled Hibernation  Hex/Ice        0%         N/A       47%         2
 Passwall                 Tmut/Erth      0%         N/A       47%         2
 Swiftness                Air            0%         N/A       71%         3


Dungeon Overview and Level Annotations

Branches:
Dungeon (4/15)
 Temple: D:4-7

Altars:
Xom

Shops:
D:4 *

Annotations:
D:4 Robin


Innate Abilities, Weirdness & Mutations

You have sharp claws.
You have razor-sharp teeth.
You have supernaturally acute eyesight. (SInv)
You cover ground quickly. (Speed+)
You are covered in thick fur. (AC +2)
Your paws help you pounce on unaware monsters.
You are incapable of wielding weapons or throwing items.
You cannot wear armour.
You gain extra lives every three experience levels.


Message History

You scratch the goblin.
You kill the goblin!
The hobgoblin misses you. The goblin hits you but does no damage.
The goblin barely misses you. Robin throws the goblin at you!
The hobgoblin misses you.
You barely miss the goblin. The hobgoblin closely misses you.
The goblin misses you. The goblin closely misses you.
The hobgoblin closely misses you.
You claw Robin! You bite Robin.
Robin is severely wounded.
The goblin misses you. The goblin hits you with a +0 club.
Robin closely misses you. The hobgoblin misses you.
You scratch Robin but do no damage.
Robin is severely wounded.
The hobgoblin hits you. The goblin closely misses you.
The hobgoblin misses you. The hobgoblin closely misses you.
The goblin misses you. Robin barely misses you.
You are too injured to fight recklessly!
You are too injured to fight recklessly!
You are too injured to fight recklessly!
You are too injured to fight recklessly!
You are too injured to fight recklessly!
Unknown command.
You scratch the goblin.
You kill the goblin!
The hobgoblin closely misses you. Robin completely misses you.
The hobgoblin hits you. The goblin misses you.
The hobgoblin closely misses you. The goblin hits you with a +0 trident!
* * * LOW HITPOINT WARNING * * *
Robin roars a battlecry!
The goblins go into a battle-frenzy!
The hobgoblin misses you.
Things that are here:
a +0 club; a goblin corpse Robin says, "A pitiful Cat like you will never find the ORB!"
Robin throws the goblin at you! The goblin completely misses you.
The goblin hits you from afar with a +0 trident!
You die...

.#####......#....#....# ..#
###).....##......####.. ..#
##......##...........#
.######..###........?.##...##
<.....................##....####
........#####.........#..#.....#.
........###..........)...#.......
..................gg)g..#.....#..
####............@...gg..g))......
........################))).#...#
#.##....# #.##.# .# ####....#
.... ... .##.....# ...#.......
........# .≈..§ ...##.# ........#
≈≈§.§ ..## .# #.......# ≈§§≈# ###
# ........#


You could see 3 hobgoblins and 2 goblins.

Vanquished Creatures
  2 ogres
  2 hounds (D:4)
  2 adders
  2 worms
  4 dart slugs
  2 orcs
  9 endoplasms
  4 giant cockroaches
  10 goblins
  5 hobgoblins
  4 jackals (D:3)
  8 kobolds
  4 quokkas
  5 ball pythons
  6 bats
  A frilled lizard (D:3)
  8 rats
78 creatures vanquished.

Notes
Turn   | Place    | Note
-------+----------+-------------------------------------------
     0 | D:1      | Descartes the Felid Monk began the quest for the Orb.
     0 | D:1      | Reached XP level 1. HP: 10/10 MP: 2/2
   182 | D:1      | Reached XP level 2. HP: 10/14 MP: 3/3
   697 | D:1      | Found a faded altar of an unknown god.
  1157 | D:2      | Reached XP level 3. HP: 17/17 MP: 4/4
  1171 | D:2      | Identified the +0 robe of the Saviour {Drain rElec Dex+6}
  2520 | D:3      | Reached skill level 5 in Dodging
  2520 | D:3      | Reached XP level 4. HP: 21/21 MP: 5/5
  2590 | D:3      | HP: 1/21 [jackal (1)]
  2595 | D:3      | HP: 1/21 [jackal (1)]
  2596 | D:3      | Slain by a jackal
  2597 | D:3      | Reached XP level 3. HP: -1/17 MP: 4/4
  2866 | D:3      | Found a shimmering altar of Xom.
  2868 | D:3      | Found a shimmering altar of Xom.
  2869 | D:3      | Found a shimmering altar of Xom.
  2870 | D:3      | Found a shimmering altar of Xom.
  3160 | D:4      | Found Pajing's General Store.
  3162 | D:4      | Noticed an ogre
  3230 | D:3      | Killed an ogre
  3231 | D:3      | Reached skill level 5 in Stealth
  3231 | D:3      | Reached XP level 4. HP: 8/21 MP: 5/5
  3528 | D:4      | Reached XP level 5. HP: 24/24 MP: 6/6
  3601 | D:4      | Reached skill level 6 in Dodging
  3797 | D:4      | Noticed an ogre
  4087 | D:4      | Killed an ogre
  4088 | D:4      | Reached skill level 5 in Unarmed Combat
  4088 | D:4      | Gained mutation: You are covered in thick fur. (AC +2)
                  | [Felid growth]
  4088 | D:4      | Reached XP level 6. HP: 28/28 MP: 7/7
  4129 | D:4      | Noticed Robin
  4152 | D:4      | Slain by a goblin

Illustrated notes

Levels and vault maps discovered:
D:1:      spicycebolla_arrival_clurvy, layout_basic,
          hellmonk_ecumenical_altar_blasted
D:2:      layout_loops_ring
D:3:      minmay_recursive_quarters, layout_loops_ring, xom_redecorated,
          st_stairs_7, minmay_misc_feat_enclosed, minmay_misc_feat_doors,
          corexii_corridor_pit, chequers_serial_rivers_marsh
D:4:      layout_cave_pools, minmay_temple_entry_fiery, nicolae_stop_n_shop_2,
          minmay_misc_feat_roman, uniq_crazy_yiuf_cottage, uniq_robin

Skill      XL: |  1  2  3  4  5 |
---------------+----------------+-----
Stealth        | 3 5 |  5.0
Dodging        | 5 6 |  6.6
Unarmed Combat | 4 5 |  5.0
Fighting       | |  3.0

Action                   |  1- 3 |  4- 6 || total
-------------------------+-------+-------++-------
Melee: Unarmed           |   143 |    68 ||   211
       Bite              |    14 |    11 ||    25
       Punch             |     2 |     2 ||     4
 Stab: Sleeping          |    17 |     2 ||    19
       Distracted        |     1 |     1 ||     2
Armor: Skin              |     3 |     5 ||     8
Dodge: Dodged            |   110 |    93 ||   203
